 Dungeon Crawl Stone Soup version 0.18-a0-990-g74cdb39 (webtiles) character file.

57 ItsMeMario the Chopper (level 4, -11/42 HPs)
             Began as a Gargoyle Berserker on Jan 3, 2016.
             Was a Believer of Trog.
             Mangled by a gnoll
             ... wielding a +0 halberd
              (14 damage)
             ... on level 2 of the Dungeon.
             The game lasted 00:02:49 (1335 turns).

ItsMeMario the Chopper (Gargoyle Berserker)         Turns: 1335, Time: 00:02:49

Health: -11/42     AC:  7    Str: 26    XL:     4   Next: 0%
Magic:  4/4        EV: 11    Int:  8    God:    Trog [**....]
Gold:   47         SH:  0    Dex:  9    Spells: 0 memorised, 3 levels left

rFire  . . .     SeeInvis .     a - +0 hand axe
rCold  . . .     Gourm    .     h - +1 leather armour
rNeg   + . .     Faith    .     (no shield)
rPois  ∞         Spirit   .     (no helmet)
rElec  +         Dismiss  .     (no cloak)
rCorr  .         Reflect  .     (no gloves)
SustAt .         Harm     .     (no boots)
MR     .....                    (no amulet)
Stlth  ..........               (no ring)
                                i - ring of loudness (curse)

@: berserking (expiring), very quick, not resistant to hostile enchantments,
extremely unstealthy
A: negative energy resistance 1, electricity resistance, unbreathing,
petrification resistance, rot immunity, AC +3
a: Berserk, Trog's Hand, Burn Spellbooks, Renounce Religion


You were on level 2 of the Dungeon.
You worshipped Trog.
Trog was pleased with you.
You were hungry.

You visited 1 branch of the dungeon, and saw 2 of its levels.

You collected 47 gold pieces.

Inventory:

Hand Weapons
 a - a +0 hand axe (weapon)
Missiles
 d - 33 sling bullets
 f - 24 stones (quivered)
Armour
 h - a +1 leather armour (worn)
Jewellery
 i - a cursed ring of loudness (left hand)
Scrolls
 b - 2 scrolls of identify
 e - a scroll of holy word {unknown}
 g - a scroll of remove curse {unknown}
 j - a scroll of teleportation {unknown}
Comestibles
 c - a bread ration


   Skills:
 - Level 3.2 Fighting
 * Level 4.3 Axes
 - Level 2.1 Armour
 - Level 1.5 Dodging


You had 3 spell levels left.
You didn't know any spells.

Dungeon Overview and Level Annotations

Branches:
Dungeon (2/15)

Altars:


Innate Abilities, Weirdness & Mutations

You are resistant to torment.
Your stone body is resilient (AC +3).
You are immune to poison.
You resist negative energy.
You are resistant to electric shocks.
You can survive without breathing.
You are immune to petrification.
You are immune to rotting.


Message History

Unknown command.
You are too injured to fight recklessly!
Unknown command.
You are too injured to fight recklessly!
You are too injured to fight recklessly!
You are too injured to fight recklessly!
Unknown command.
You are too injured to fight recklessly!
You hit the gnoll.
The gnoll is almost dead.
You hit the gnoll.
You kill the gnoll!
Trog accepts your kill.
You have reached level 4!
You feel clever. The gnoll closely misses you.
You hit the gnoll.
The gnoll is moderately wounded.
The gnoll hits you with a halberd!
You die...

.........# ...##.#.#
###..###...# ... .....
.. .. #...# #....#.##. #
#...# # ..#.#....###
###.... .. .........$
........
#.##.#.##.###.####...#
###.....)....... ##..#
......g@.##.# #.###.....
.....=.##...# #.....##..
....... #...# #.....##.#
....... #(..# #.....##..
.......####.###.....##..
###...........).........
##+#..................
............##......
............##....#.


You could see a gnoll.

Vanquished Creatures
  3 gnolls (D:2)
  A worm (D:2)
  3 goblins (D:1)
  A hobgoblin (D:1)
  4 jackals
  2 bats (D:1)
  2 giant newts (D:1)
  5 kobolds
  7 rats
28 creatures vanquished.

Notes
Turn   | Place    | Note
--------------------------------------------------------------
     0 | D:1      | ItsMeMario the Gargoyle Berserker began the quest for the Orb.
     0 | D:1      | Reached XP level 1. HP: 14/14 MP: 1/1
   168 | D:1      | HP: 1/21 [kobold/short sword (3)]
   591 | D:1      | Reached XP level 2. HP: 19/19 MP: 2/2
  1232 | D:2      | Reached XP level 3. HP: 23/23 MP: 3/3
  1330 | D:2      | Reached ** piety under Trog
  1330 | D:2      | Reached skill level 4 in Axes
  1333 | D:2      | Reached XP level 4. HP: 3/28 MP: 4/4
  1335 | D:2      | Mangled by a gnoll

Vault maps used:
D:1:      dpeg_arrival_fog, minivault_5
D:2:      first_bread, ecumenical_altar_2

Action                   |  1- 3 |  4- 6 || total
-------------------------+-------+-------++-------
Melee: Hand axe          |    93 |     1 ||    94
Invok: Berserk           |     2 |       ||     2
  Use: Scroll            |     4 |       ||     4
 Stab: Sleeping          |     1 |       ||     1
  Eat: Chunk             |     2 |       ||     2
